 Dungeon Crawl Stone Soup version 0.25.1-8-g42b30a86e7 (webtiles) character file.

Game seed: 10226156147490774429

46 Descartes the Ducker (level 3, -5/17 HPs)
             Began as a Felid Monk on Dec 13, 2020.
             Slain by a gnoll (6 damage)
             ... on level 2 of the Dungeon.
             The game lasted 00:01:08 (269 turns).

Descartes the Ducker (Felid Monk)                    Turns: 269, Time: 00:01:08

Health: -5/17      AC:  1    Str:  8    XL:     3   Next: 44%
Magic:  4/4        EV: 21    Int: 11    God:
Gold:   21         SH:  0    Dex: 18    Spells: 2/2 levels left
                                        Lives:  0   Deaths: 0

rFire    . . .     SeeInvis +     - Unarmed
rCold    . . .     Gourm    .   (shield unavailable)
rNeg     . . .     Faith    .   (armour unavailable)
rPois    .         Spirit   .   (helmet unavailable)
rElec    .         Reflect  .   (cloak unavailable)
rCorr    .         Harm     .   (gloves unavailable)
MR       .....                  (boots unavailable)
Stlth    +++.......             b - amulet of regeneration
HPRegen  0.45/turn              (no ring)
MPRegen  0.09/turn              (no ring)

@: quick
A: very small, no armour, no weapons or thrown items, stealth, claws 1, fangs 3,
see invisible, carnivore, speed 1, shaggy fur 1, slow metabolism 1, sharp paws
a: no special abilities


You were on level 2 of the Dungeon.
You were completely stuffed.

You visited 1 branch of the dungeon, and saw 2 of its levels.

You collected 21 gold pieces.

Inventory:

Jewellery
 b - an amulet of regeneration (around neck)
Scrolls
 e - 2 scrolls of blinking {unknown}
Potions
 c - a potion of magic {unknown}
 f - a potion of cancellation {unknown}
 g - a potion of lignification {unknown}
Comestibles
 a - 2 rations
 d - a chunk of flesh


   Skills:
 - Level 3.0 Fighting
 + Level 5.1 Dodging
 + Level 4.3 Stealth
 - Level 3.0 Unarmed Combat


You had 2 spell levels left.
You didn't know any spells.
Your spell library was empty.

Dungeon Overview and Level Annotations

Branches:
Dungeon (2/15)

Altars:
Xom


Innate Abilities, Weirdness & Mutations

You cannot wear armour.
You are incapable of wielding weapons or throwing items.
Your paws allow you to move quietly. (Stealth)
You have sharp claws.
You have razor-sharp teeth.
You have supernaturally acute eyesight. (SInv)
You are carnivorous and can eat meat at any time.
You cover ground quickly.
You are covered in fur. (AC +1)
You have a slow metabolism.
Your sharp claws are effective at attacking unaware monsters.


Message History

You closely miss the gnoll. The gnoll completely misses you.
You closely miss the gnoll. You bite the gnoll.
The gnoll is moderately wounded.
You claw the gnoll!
The gnoll is severely wounded.
The gnoll misses you.
You scratch the gnoll but do no damage.
The gnoll is severely wounded.
The gnoll hits you.
You barely miss the gnoll.
The gnoll is severely wounded.
The gnoll barely misses you.
You scratch the gnoll.
The gnoll is severely wounded.
The gnoll hits you!
* * * LOW HITPOINT WARNING * * *
You scratch the gnoll.
The gnoll is almost dead.
The gnoll hits you.
You die...

.... ...# #
#..# #.<
#..#
#....##).#
#.#
......).g#
#.#
#.######)#
#.#
#.#####.#
#.g@.##.# #
####.##.#
####.##.#
#.##.#
#.......#
#######.##.#
...#.....
...........#
#.#...###
#######.####
......#
######.#
#.#...#
#......#
...#.##
#.######


You could see a gnoll.

Vanquished Creatures
  2 gnolls (D:2)
  An adder (D:2)
  A leopard gecko (D:1)
  A giant cockroach (D:1)
  3 goblins (D:1)
  3 hobgoblins
  4 bats (D:1)
  2 frilled lizards (D:2)
  2 rats (D:1)
19 creatures vanquished.

Notes
Turn   | Place    | Note
-------+----------+-------------------------------------------
     0 | D:1      | Descartes the Felid Monk began the quest for the Orb.
     0 | D:1      | Reached XP level 1. HP: 10/10 MP: 2/2
    75 | D:1      | Found a shimmering altar of Xom.
    92 | D:1      | Reached XP level 2. HP: 10/14 MP: 3/3
   178 | D:1      | You fall into a shaft and drop 1 floor!
   251 | D:2      | Reached skill level 5 in Dodging
   251 | D:2      | Reached XP level 3. HP: 11/17 MP: 4/4
   269 | D:2      | Slain by a gnoll

Illustrated notes

Levels and vault maps discovered:
D:1:      mushboom_english_gardens, layout_loops_ring, glass_columns_a,
          st_stairs_5, xom_teletrap_fun
D:2:      layout_loops_ring, minitemple

Skill      XL: |  1  2 |
---------------+-------+-----
Stealth        | 3 4 |  4.3
Dodging        | 5 |  5.1
Fighting       | |  3.0
Unarmed Combat | |  3.0

Action                   || total
-------------------------++-------
Melee: Unarmed           ||    62
       Bite              ||     2
 Stab: Sleeping          ||     4
  Eat: Chunk             ||     6
Armor: Skin              ||     4
Dodge: Dodged            ||    66
